 Dungeon Sprint DCSS version 0.19-a0-1532-g228a5d9 (webtiles) character file.

1037 poirepourri the Unseen (level 8, 0/55 HPs)
             Began as a Spriggan Enchanter on Sept 13, 2016.
             Was a Priest of Dithmenos.
             Succumbed to a killer bee's poison
             ... in the Dungeon (Sprint IV: "Fedhas' Mad Dash").
             The game lasted 00:02:26 (797 turns).

poirepourri the Unseen (Spriggan Enchanter)          Turns: 797, Time: 00:02:27

Health: 0/55       AC: 27    Str:  4    XL:     8   Next: 4%
Magic:  5/20       EV:  4    Int: 18    God:    Dithmenos [***...]
Gold:   105        SH:  0    Dex: 17    Spells: 5 memorised, 9 levels left

rFire  . . .     SeeInvis +     a - +1 dagger
rCold  . . .     Gourm    .     (armour currently unavailable)
rNeg   + + +     Faith    .     (shield restricted)
rPois  +         Spirit   .     (helmet currently unavailable)
rElec  .         Dismiss  .     (cloak currently unavailable)
rCorr  .         Reflect  .     (gloves unavailable)
MR     +....     Harm     .     (boots unavailable)
Stlth  ++++++++++ NoTele   +    e - amulet of invisibility {+Inv}
                                o - ring of wizardry
                                l - +3 ring of protection

@: lethally poisoned (0 -> -6), tree-form, very slightly contaminated, wreathed
by umbra
A: unfitting armour, see invisible, herbivore 3, (speed 0), slow metabolism 2
a: Shadow Step, Renounce Religion, Evoke Invisibility


You were in the Dungeon.
You worshipped Dithmenos.
Dithmenos was most pleased with you.
You were not hungry.
You were a tree.
You visited 1 branch You collected 105 gold pieces.

Inventory:

Hand Weapons
 a - a +1 dagger (weapon)
Armour
 b - a +1 robe (melded)
Jewellery
 e - the amulet of invisibility (around neck) {+Inv}
   (You found it in the Dungeon)

   [amulet of nothing]

   It lets you turn invisible.
 l - a +3 ring of protection (left branch)
 o - a ring of wizardry (right branch)
Scrolls
 j - a scroll of blinking
Potions
 g - a potion of haste
 h - 2 potions of magic
 i - a potion of agility
 m - a potion of mutation {unknown}
Books
 c - a book of Maledictions

   Spells                             Type                      Level
   a - Corona                         Hexes                        1
   b - Ensorcelled Hibernation        Hexes/Ice                    2
   c - Confuse                        Hexes                        3
   d - Tukima's Dance                 Hexes                        3
   e - Dazzling Spray                 Conjuration/Hexes            3
Comestibles
 d - a bread ration


   Skills:
 + Level 1.0 Fighting
 + Level 4.2 Short Blades
 + Level 9.6 Dodging
 + Level 17.6 Stealth
 + Level 7.4 Spellcasting
 + Level 10.8 Hexes


You had 9 spell levels left.
You knew the following spells:

 Your Spells              Type           Power        Failure   Level  Hunger
a - Corona                Hex            #####..      1%          1    None
b - Ensorcelled Hibernat  Hex/Ice        ####..       1%          2    None
c - Confuse               Hex            #####...     1%          3    #......
d - Tukima's Dance        Hex            #####...     1%          3    #......
e - Dazzling Spray        Conj/Hex       ####..       1%          3    #......


Dungeon Overview and Level Annotations

Branches:
Dungeon (1/1)

Altars:
Cheibriados
Dithmenos
Elyvilon
Gozag
Hepliaklqana
Kikubaaqudgha
Makhleb
Nemelex Xobeh
Okawaru
Qazlal
Ru
Sif Muna
Trog
Uskayaw
Vehumet
Xom
Yredelemnul
Zin
The Shining One
Beogh
Jiyva
Lugonu

Shops:
D }!(!


Innate Abilities, Weirdness & Mutations

You are tiny and cannot use many weapons and most armour.
You have supernaturally acute eyesight. (SInv)
You are a herbivore.
((You cover ground extremely quickly.))
You need consume almost no food.


Message History

* * * LOW HITPOINT WARNING * * *
You are more poisoned.
The killer bee poisons you!
The killer bee stings you but does no damage.
The killer bee barely misses you.
You catch the helpless killer bee completely off-guard!
You skewer the killer bee like a kebab!!!
You kill the killer bee!
Dithmenos accepts your kill.
You have reached level 8!
The killer bee stings you but does no damage. x4
Casting: Dazzling Spray
Confirm with . or Enter, or press ? or * to list all spells.
Aiming: Dazzling Spray
Press: ? - help, Shift-Dir - straight line, f/p - killer bee
Aim: a killer bee (berserk, fast, unusually strong, umbra)
You miscast Dazzling Spray.
You are very lightly contaminated with residual magic.
Nothing appears to happen.
You die...

###########################
#<..P#....y#.y...#.⌠._._._.
#PP..'.[..♣y.#...'.._._._._
#PPPP#.....#.#y..#..._._._.
###############y##.._._._._
#...♣......yy'...#.⌠._._._.
#%...y.♣.....#...##########
#.....♣..♣..######
##+####+#####


You could see a queen bee and 2 killer bees.

Vanquished Creatures
  2 wandering mushrooms (D)
  A burning bush (D)
  2 scorpions (D)
  2 killer bees (D)
  4 oklob saplings (D)
  A worker ant (D)
  2 spriggans (D)
  A river rat (D)
  A rat (D)
16 creatures vanquished.

Notes
Turn   | Place    | Note
-------+----------+-------------------------------------------
     0 | D        | poirepourri the Spriggan Enchanter began the quest for the Orb.
     0 | D        | Reached XP level 1. HP: 9/9 MP: 5/5
    20 | D        | Reached skill level 7 in Stealth
    20 | D        | Reached XP level 2. HP: 5/13 MP: 6/6
   329 | D        | Noticed an oklob sapling
   331 | D        | Killed an oklob sapling
   331 | D        | Reached skill level 5 in Dodging
   331 | D        | Reached skill level 9 in Stealth
   331 | D        | Reached XP level 3. HP: 17/17 MP: 8/8
   335 | D        | Learned a level 2 spell: Ensorcelled Hibernation
   339 | D        | Learned a level 3 spell: Confuse
   345 | D        | Reached skill level 10 in Stealth
   365 | D        | Found an opulent altar of Gozag.
   365 | D        | Found a hazy altar of Hepliaklqana.
   365 | D        | Found a burning altar of Makhleb.
   365 | D        | Found a roughly hewn altar of Beogh.
   365 | D        | Found a sparkling altar of Nemelex Xobeh.
   365 | D        | Found a snail-covered altar of Cheibriados.
   365 | D        | Found a sacrificial altar of Ru.
   365 | D        | Found a deep blue altar of Sif Muna.
   365 | D        | Found a shimmering altar of Xom.
   365 | D        | Found a basalt altar of Yredelemnul.
   366 | D        | Found a viscous altar of Jiyva.
   366 | D        | Found a bloodstained altar of Trog.
   366 | D        | Noticed an oklob sapling priest
   367 | D        | Found an iron altar of Okawaru.
   367 | D        | Found a shadowy altar of Dithmenos.
   367 | D        | Found a glowing silver altar of Zin.
   368 | D        | Found an ancient bone altar of Kikubaaqudgha.
   368 | D        | Found a hide-covered altar of Uskayaw.
   369 | D        | Found a stormy altar of Qazlal.
   369 | D        | Found a glowing golden altar of the Shining One.
   369 | D        | Found a white marble altar of Elyvilon.
   370 | D        | Found a radiant altar of Vehumet.
   370 | D        | Found a corrupted altar of Lugonu.
   373 | D        | Killed an oklob sapling priest
   373 | D        | Reached skill level 11 in Stealth
   373 | D        | Reached skill level 5 in Hexes
   373 | D        | Reached XP level 4. HP: 21/21 MP: 8/10
   378 | D        | Learned a level 3 spell: Tukima's Dance
   382 | D        | Became a worshipper of Dithmenos the Shadowed
   394 | D        | Reached XP level 5. HP: 25/25 MP: 9/12
   417 | D        | Learned a level 3 spell: Dazzling Spray
   420 | D        | Reached skill level 12 in Stealth
   421 | D        | Reached * piety under Dithmenos
   421 | D        | Reached skill level 13 in Stealth
   436 | D        | Found Fanocar's Distillery.
   436 | D        | Found Vafaegan's Gadget Emporium.
   445 | D        | Noticed a burning bush
   445 | D        | Noticed a wandering mushroom
   446 | D        | Noticed a wandering mushroom
   449 | D        | Killed a wandering mushroom
   449 | D        | Reached skill level 15 in Stealth
   449 | D        | Reached XP level 6. HP: 29/29 MP: 14/16
   451 | D        | Killed a burning bush
   451 | D        | Reached ** piety under Dithmenos
   451 | D        | Reached skill level 16 in Stealth
   451 | D        | Reached skill level 10 in Hexes
   451 | D        | Reached XP level 7. HP: 32/32 MP: 15/18
   459 | D        | Killed a wandering mushroom
   459 | D        | Reached skill level 1 in Fighting
   459 | D        | Reached skill level 17 in Stealth
   497 | D        | Found Yweducue's Distillery.
   497 | D        | Found Marrouq's Antique Weapon Shoppe.
   648 | D        | Reached *** piety under Dithmenos
   761 | D        | Noticed a queen bee
   795 | D        | HP: 1/49 [killer bee (5)]
   796 | D        | Reached XP level 8. HP: 1/37 MP: 7/20
   797 | D        | Succumbed to a killer bee's poison

Vault maps used:
D:        dungeon_sprint_fedhas

Skill      XL: |  1  2  3  4  5  6  7 |
---------------+----------------------+-----
Dodging        | 4 5 6 8 9 |  9.6
Stealth        | 7 9 11 15 16 17 | 17.6
Short Blades   | 2 3 4 |  4.2
Spellcasting   | 3 4 6 7 |  7.4
Hexes          | 5 6 9 10 | 10.8
Fighting       | 1 |  1.0

Action                   |  1- 3 |  4- 6 |  7- 9 || total
-------------------------+-------+-------+-------++-------
Melee: Dagger            |    13 |     6 |    11 ||    30
 Cast: Dazzling Spray    |       |       |     4 ||     4
       Confuse           |       |       |     1 ||     1
  Use: Potion            |     2 |       |     2 ||     4
       Scroll            |       |       |     1 ||     1
 Stab: Sleeping          |     4 |     6 |     2 ||    12
       Invisible         |       |       |     2 ||     2
       Confused          |       |       |     1 ||     1
Armor: Skin              |       |       |     7 ||     7
       Robe              |       |       |     2 ||     2
Dodge: Dodged            |     8 |       |    36 ||    44
